 Dungeon Crawl Stone Soup version 0.17-a0-1899-ge84b1df (webtiles) character file.

1367 Banto the Basher (level 8, -1/75 HPs)
             Began as an Ogre Hunter on Sept 24, 2015.
             Slain by a worker ant (7 damage)
             ... on level 5 of the Dungeon.
             The game lasted 00:07:54 (5195 turns).

Banto the Basher (Ogre Hunter)                      Turns: 5195, Time: 00:07:54

Health: -1/75      AC:  7    Str: 18    XL:     8   Next: 65%
Magic:  17/17      EV: 10    Int: 14    God:
Gold:   219        SH:  0    Dex: 12    Spells: 0 memorised, 7 levels left

rFire  . . .     SeeInvis .     E - +0 mace
rCold  . . .     Clarity  .     d - +1 robe
rNeg   . . .     SustAt   .     (no shield)
rPois  .         Gourm    .     (helmet restricted)
rElec  .         Spirit   .     g - +2 cloak
rCorr  .         Warding  .     (gloves unavailable)
rMut   .         Stasis   .     (boots unavailable)
MR     .....                    (no amulet)
Stlth  ++........               x - +4 ring of intelligence
                                f - ring of magical power

@: not resistant to hostile enchantments, unstealthy
A: unfitting armour, camouflage 1, tough skin 1
a: no special abilities


You were on level 5 of the Dungeon.
You were not hungry.

You visited 1 branch of the dungeon, and saw 5 of its levels.

You collected 219 gold pieces.

Inventory:

Hand weapons
 l - a +0 giant spiked club
 E - a +0 mace (weapon)
Missiles
 a - 4 large rocks
 b - 2 throwing nets
 m - 3 tomahawks (quivered)
 q - a javelin
Armour
 d - a +1 robe (worn)
 g - a +2 cloak (worn)
Jewellery
 f - a ring of magical power (left hand)
 x - a +4 ring of intelligence (right hand)
Magical devices
 u - a wand of confusion (25)
Scrolls
 c - a scroll of recharging
 o - a scroll of amnesia
 p - a scroll of remove curse
 w - 2 scrolls of magic mapping
 y - a scroll of enchant armour
Potions
 i - 2 potions of heal wounds
 j - a potion of flight
 n - a potion of brilliance
 r - a potion of cancellation
 t - 2 potions of curing {unknown}
 v - a potion of berserk rage {unknown}
 B - 2 potions of poison {unknown}
 C - 2 potions of lignification {unknown}
Books
 z - a book of Burglary

   Spells                             Type                      Level
   a - Swiftness                      Charms/Air                   2
   b - Passwall                       Transmutation/Earth          3
   c - Passage of Golubria            Translocation                4
   d - Lee's Rapid Deconstruction     Earth                        5
   e - Darkness                       Hexes                        6
   f - Invisibility                   Hexes                        6
 D - a book of Death

   Spells                             Type                      Level
   a - Corpse Rot                     Necromancy                   2
   b - Sublimation of Blood           Necromancy                   2
   c - Agony                          Necromancy                   5
   d - Dispel Undead                  Necromancy                   5
   e - Excruciating Wounds            Charms/Necromancy            5
   f - Bolt of Draining               Conjuration/Necromancy       5
Comestibles
 e - 3 bread rations
 h - a royal jelly
 k - 4 meat rations
 s - 3 fruits
 A - a beef jerky
 F - 2 chunks of flesh


   Skills:
 - Level 3.0 Fighting
 + Level 9.2 Maces & Flails
 + Level 9.2 Throwing
 - Level 1.7 Dodging
 - Level 0.7 Stealth


You had 7 spell levels left.
You didn't know any spells.

Dungeon Overview and Level Annotations

Branches:
Dungeon (5/15)
 Temple: D:4-7

Altars:
Ashenzari
Elyvilon
Gozag
Xom
Zin
The Shining One


Innate Abilities, Weirdness & Mutations

You are too large for most types of armour.
You have tough skin (AC +1).
Your skin changes colour to match your surroundings (Stealth).


Message History

You hit the worker ant but do no damage.
The worker ant is severely wounded.
The worker ant barely misses you.
You see here an adder corpse.
You closely miss the worker ant.
The worker ant is severely wounded.
The orc priest miscasts a cantrip.
The worker ant bites you.
* * * LOW HITPOINT WARNING * * *
The worker ant barely misses you.
Throwing (i - inventory. (,) - cycle):
m - 4 tomahawks (quivered)
Press: ? - help, Shift-Dir - straight line, f - worker ant
Aim: a worker ant (severely wounded)
You throw a tomahawk. The tomahawk hits the worker ant.
The worker ant is severely wounded.
The orc priest invokes the aid of Beogh against you.
Something smites you!
* * * LOW HITPOINT WARNING * * *
The worker ant bites you!
You die...

#..............
#......#.#.####
##.....#o#
#...o.#o.
###.#####. #.#
.# #o# # #a#
#@# #.# #.# #)#
#.# #.# ### #.#
#.. #.# #.# #.#
#.#


You could see a worker ant, an orc priest and an orc.

Vanquished Creatures
  Pikel (D:4)
  The ghost of zigs the Basher, an average OgSk (D:3)
  A phantom (D:3)
  An ogre (D:4)
  A giant frog zombie (D:3)
  2 orc priests
  2 hounds (D:4)
  2 giant frog skeletons (D:4)
  An orc wizard (D:4)
  2 iguanas
  Terence (D:2)
  3 worker ants
  6 adders
  3 worms
  2 adder skeletons (D:4)
  4 giant geckos
  4 orcs
  7 bats
  7 goblins
  5 hobgoblins
  4 jackals (D:1)
  4 quokkas
  5 giant newts
  6 kobolds
  10 rats
85 creatures vanquished.

Notes
Turn   | Place    | Note
--------------------------------------------------------------
     0 | D:1      | Banto the Ogre Hunter began the quest for the Orb.
     0 | D:1      | Reached XP level 1. HP: 22/22 MP: 1/1
   205 | D:1      | Reached XP level 2. HP: 14/31 MP: 2/2
   221 | D:1      | Reached skill level 1 in Maces & Flails
   964 | D:1      | Reached skill level 5 in Throwing
   964 | D:1      | Reached XP level 3. HP: 34/37 MP: 3/3
  1109 | D:2      | Found a glowing golden altar of the Shining One.
  1145 | D:2      | Noticed Terence
  1153 | D:2      | Killed Terence
  1206 | D:2      | Reached XP level 4. HP: 45/45 MP: 4/4
  1677 | D:2      | Found a shimmering altar of Xom.
  2120 | D:3      | Noticed a phantom
  2183 | D:3      | Reached XP level 5. HP: 37/53 MP: 5/5
  2202 | D:3      | Noticed zigs's ghost (average OgSk)
  2405 | D:3      | Found a faded altar to an unknown god.
  2624 | D:3      | Reached skill level 6 in Throwing
  2637 | D:3      | Killed zigs's ghost
  2637 | D:3      | Reached skill level 5 in Maces & Flails
  2637 | D:3      | Reached XP level 6. HP: 55/61 MP: 6/6
  2678 | D:3      | Reached skill level 7 in Throwing
  2838 | D:3      | Found a white marble altar of Elyvilon.
  2855 | D:3      | Reached XP level 7. HP: 41/67 MP: 7/7
  2965 | D:3      | Killed a phantom
  3443 | D:3      | Gained mutation: Your skin changes colour to match your surroundings (Stealth). [potion of beneficial mutation]
  3727 | D:4      | Found a shattered altar of Ashenzari.
  4019 | D:4      | Found a glowing silver altar of Zin.
  4065 | D:4      | Found an opulent altar of Gozag.
  4185 | D:4      | Reached skill level 8 in Throwing
  4386 | D:4      | Noticed Pikel
  4409 | D:4      | Killed Pikel
  4409 | D:4      | Reached skill level 9 in Throwing
  4409 | D:4      | Reached XP level 8. HP: 20/75 MP: 8/8
  5066 | D:5      | Entered Level 5 of the Dungeon
  5195 | D:5      | Slain by a worker ant

Vault maps used:
D:1:      dpeg_arrival_subterranean_lakeside_camping
D:2:      lemuel_doored_altar, nicolae_overflow_crystal_walls, uniq_terence
D:3:      old_standard_altar, ecumenical_altar_2, first_bread
D:4:      lemuel_crystal_altar, kennysheep_mini, zin_statuary, uniq_pikel

Action                   |  1- 3 |  4- 6 |  7- 9 || total
-------------------------+-------+-------+-------++-------
Melee: Short sword       |    28 |       |       ||    28
       Club              |   105 |    33 |       ||   138
       Whip              |       |   103 |   134 ||   237
       Mace              |       |       |    72 ||    72
Throw: Large rock        |     3 |     3 |       ||     6
       Javelin           |       |    11 |     1 ||    12
       Tomahawk          |       |     5 |    21 ||    26
  Use: Scroll            |     3 |     3 |     7 ||    13
       Potion            |       |       |     1 ||     1
 Stab: Sleeping          |     1 |       |     5 ||     6
  Eat: Chunk             |     1 |     5 |     8 ||    14
